 Dungeon Crawl Stone Soup version 0.29.1-13-g9f3cf754e1 (webtiles) character file.

Game seed: 16279055470348939262

38479 cdecastro the Impaler (level 13, -2/101 (111) HPs)
             Began as a Demonspawn Gladiator on Jan 21, 2023.
             Was a High Priest of Okawaru.
             Slain by a skeletal warrior
             ... wielding a +0 glaive
             ... led by a death knight
              (16 damage)
             ... on level 14 of the Dungeon.
             The game lasted 00:50:29 (21007 turns).

cdecastro the Impaler (Demonspawn Gladiator)       Turns: 21007, Time: 00:50:30

HP:   -2/101 (111)  AC: 15    Str: 18    XL:     13   Next: 64%
MP:   13/13         EV: 10    Int: 11    God:    Okawaru [*****.]
Gold: 405           SH:  0    Dex: 15    Spells: 12/12 levels left

rFire   + . .      SeeInvis .   a - +3 spear (venom)
rCold   + . .      Faith    .   (no shield)
rNeg    . . .      Spirit   .   J - +2 scale mail {rPois}
rPois   +          Reflect  .   (helmet unavailable)
rElec   .          Harm     .   Y - scarf {+Inv}
rCorr   +          Rampage  .   u - +1 pair of gloves "Weunaeji" {rC+ rCorr MP-9}
Will    .....                   l - +1 pair of boots
Stlth   ..........              f - amulet of the acrobat
HPRegen 0.26/turn               I - ring of flight
MPRegen 0.13/turn               Z - ring of protection from fire

@: flying, studying Fighting, drained
A: horns 3, rugged brown scales 1, spiny 2, demonic magic 1
a: Renounce Religion, Evoke Invisibility, Heroism, Finesse, Duel


You were on level 14 of the Dungeon.
You worshipped Okawaru.
Okawaru was extremely pleased with you.
You visited 2 branches of the dungeon, and saw 15 of its levels.
You also visited: Bailey.

You collected 979 gold pieces.
You spent 574 gold pieces at shops.

Inventory:

Hand Weapons
 a - a +3 spear of venom (weapon)
 b - a +0 vorpal sling
 y - a +0 dagger of draining
 H - a +1 vorpal flail
 Q - a +4 vorpal halberd
Missiles
 d - 2 throwing nets
 e - 30 javelins
 v - a curare-tipped dart
 w - 5 atropa-tipped darts
 A - 5 poisoned darts (quivered)
Armour
 h - a +0 pair of gloves
 l - a +1 pair of boots (worn)
 u - the +1 pair of gloves "Weunaeji" (worn) {rC+ rCorr MP-9}
   (Okawaru gifted it to you on level 13 of the Dungeon)

   rC:        It protects you from cold.
   MP:        It affects your magic capacity (-9).
   rCorr:     It protects you from acid and corrosion.
 J - a +2 scale mail of poison resistance (worn)
 L - +0 swamp dragon scales
 N - the +1 chain mail "Yxze" {rC+ Str+2 Int+5}
   (You bought it in a shop on level 5 of the Dungeon)

   Str:       It affects your strength (+2).
   Int:       It affects your intelligence (+5).
   rC:        It protects you from cold.
 Y - a scarf of invisibility (worn)
Magical Staves
 m - a staff of earth
 P - a staff of poison
Jewellery
 f - an amulet of the acrobat (around neck)
 I - a ring of flight (left hand)
 Z - a ring of protection from fire (right hand)
Wands
 B - a wand of paralysis (26)
 K - a wand of polymorph (12)
 T - a wand of light (8)
 U - a wand of roots (10)
 W - a wand of mindburst (14)
Scrolls
 c - a scroll of brand weapon
 i - 2 scrolls of magic mapping
 o - a scroll of vulnerability
 q - 4 scrolls of enchant weapon
 r - 2 scrolls of butterflies
 C - 4 scrolls of enchant armour
 D - 6 scrolls of teleportation
 E - 3 scrolls of amnesia
Potions
 g - 2 potions of magic
 j - a potion of flight
 k - 5 potions of brilliance
 n - a potion of heal wounds
 p - 6 potions of curing
 s - 5 potions of attraction
 t - 2 potions of lignification
 z - a potion of ambrosia
 F - 3 potions of haste
 G - 2 potions of cancellation
 M - 3 potions of might
 S - a potion of berserk rage {unknown}
 X - a potion of resistance
Miscellaneous
 V - a piece from Xom's chessboard (15/15)


   Skills:
 - Level 12.0 Fighting
 - Level 1.4 Maces & Flails
 - Level 16.0 Polearms
 - Level 1.7 Throwing
 + Level 7.4 Armour
 - Level 2.6 Dodging
 - Level 12.0 Invocations
 - Level 5.0 Evocations


You had 12 spell levels left.
You didn't know any spells.
Your spell library contained the following spells:

 Spells                   Type           Power      Damage    Failure   Level
 Necrotise                Necr           0%         1d4       69%         1
 Shock                    Conj/Air       0%         1d3       69%         1
 Blink                    Tloc           0%         N/A       83%         2
 Conjure Flame            Conj/Fire      0%         6-21      96%         3
 Ignite Poison            Fire/Tmut/Pois 0%         N/A       96%         3
 Portal Projectile        Hex/Tloc       0%         N/A       96%         3
 Swiftness                Air            0%         N/A       96%         3
 Vampiric Draining        Necr           0%         2d6       96%         3
 Airstrike                Air            0%         2d(0-16)  100%        4
 Leda's Liquefaction      Hex/Erth       0%         N/A       100%        4
 Sticky Flame             Conj/Fire      0%         2d3       100%        4
 Agony                    Necr           0%         N/A       100%        5
 Manifold Assault         Tloc           0%         N/A       100%        5
 Storm Form               Tmut/Air       0%         N/A       100%        7
 Call Canine Familiar     Summ           Unusable   N/A       N/A         3

Dungeon Overview and Level Annotations

Branches:
Dungeon (14/15)            Temple (1/1) D:6             Orc (0/2) D:12
 Vaults (0/5) D:13         Bailey (visited)
   Lair: D:8-11

Altars:
Dithmenos
Fedhas
Gozag
Hepliaklqana
Kikubaaqudgha
Makhleb
Nemelex Xobeh
Okawaru
Qazlal
Ru
Sif Muna
Trog
Uskayaw
Vehumet
Wu Jian
Xom
Yredelemnul

Shops:
D:4 *   D:5 [   D:10 *   D:11 *   D:12 [

Annotations:
D:9 Erolcha
D:10 3 runed translucent doors, cheesebisquit's ghost, novice GrEE
D:13 not done


Innate Abilities, Weirdness & Mutations

You have a pair of large horns on your head.
You are partially covered in rugged brown scales. (AC +1, +3% HP)
You are mostly covered in sharp spines.
Spells you cast may paralyse adjacent enemies.


Message History

The skeletal warrior barely misses you.
You hit the skeletal warrior but do no damage.
The skeletal warrior is severely damaged.
You barely miss the skeletal warrior.
The skeletal warrior is severely damaged.
The skeletal warrior barely misses you.
You barely miss the skeletal warrior.
Your headbutt misses the skeletal warrior.
The skeletal warrior is severely damaged.
You closely miss the skeletal warrior.
You headbutt the skeletal warrior, but do no damage.
The skeletal warrior is severely damaged.
The skeletal warrior completely misses you.
You closely miss the skeletal warrior.
The skeletal warrior is severely damaged.
You closely miss the skeletal warrior.
The skeletal warrior is severely damaged.
The skeletal warrior closely misses you.
You hit the skeletal warrior but do no damage.
Your headbutt misses the skeletal warrior.
The skeletal warrior is severely damaged.
You hit the skeletal warrior.
You headbutt the skeletal warrior, but do no damage.
The skeletal warrior is severely damaged.
The skeletal warrior hits you with a +0 glaive!!
* * * LOW HITPOINT WARNING * * *
You hit the skeletal warrior but do no damage.
You headbutt the skeletal warrior, but do no damage.
The skeletal warrior is severely damaged.
You hit the skeletal warrior but do no damage.
You headbutt the skeletal warrior.
The skeletal warrior is severely damaged.
The skeletal warrior hits you with a +0 glaive!!
* * * LOW HITPOINT WARNING * * *
You hit the skeletal warrior but do no damage.
The skeletal warrior is severely damaged.
You hit the skeletal warrior but do no damage.
The skeletal warrior is severely damaged.
The skeletal warrior hits you with a +0 glaive!
You die...

############## #............#
#########............#
#.............(......#
#...........<..@z....#
#....................#
#....................#
#....................###########
#...............................
#####.....................#####.
#.......#####.........#...#.
#....####...'..######.#...#.
#....#......#..# #.#...#.


You could see a skeletal warrior.

Vanquished Creatures
  Snorg (D:11)
  4 hydras
  2 boulder beetles (D:13)
  8 vault guards
  6 centaur warriors (D:13)
  3 two-headed ogres
  A catoblepas (D:13)
  A deep troll earth mage (D:13)
  An orc knight (D:13)
  A deep elf pyromancer (D:13)
  5 cyclopes
  Maggie (D:8)
  3 gargoyles
  2 unseen horrors
  A kobold demonologist (D:12)
  A komodo dragon (D:11)
  A freezing wraith (D:14)
  A meliai (D:13)
  7 trolls
  2 polar bears (D:10)
  2 hornets (D:8)
  A centaur simulacrum (D:13)
  2 shadows (D:11)
  2 wraiths
  A yak (shapeshifter) (D:13)
  2 vampires
  A basilisk (D:13)
  23 yaks
  A steam dragon (D:9)
  7 vampire mosquitoes
  A warg (D:12)
  An acid dragon (D:10)
  A water moccasin (D:6)
  Duvessa (D:5)
  A black bear (D:6)
  9 orc warriors
  An ogre (D:4)
  21 centaurs
  Blork the orc (D:6)
  2 kobold brigands (D:10)
  A gnoll sergeant (D:9)
  7 bullfrogs
  4 wights
  Dowan (D:5)
  3 killer bees (D:8)
  A howler monkey (D:5)
  2 electric eels (D:11)
  3 hounds (D:5)
  6 orc priests
  2 jellies
  3 gnoll boudas
  3 iguanas
  6 orc wizards
  8 adders
  13 gnolls
  2 shadow imps (D:7)
  A white imp (D:6)
  2 ufetubi
  A worm (D:2)
  A dart slug (D:4)
  43 orcs
  5 ball pythons
  2 bats
  4 endoplasms
  3 giant cockroaches
  8 goblins
  6 hobgoblins
  7 jackals
  4 quokkas
  3 frilled lizards
  19 kobolds
  2 rats (D:1)
309 creatures vanquished.

Vanquished Creatures (others)
  A centaur (D:13)
  2 plants (D:9)
3 creatures vanquished.

Grand Total: 312 creatures vanquished

Notes
Turn   | Place    | Note
-------+----------+-------------------------------------------
     0 | D:1      | cdecastro the Demonspawn Gladiator began the quest for the
                  | Orb.
     0 | D:1      | Reached XP level 1. HP: 16/16 MP: 1/1
   169 | D:1      | Gained mutation: You have a pair of small horns on your
                  | head. [demonic ancestry]
   169 | D:1      | Reached XP level 2. HP: 23/23 MP: 2/2
   237 | D:1      | Found a faded altar of an unknown god.
   807 | D:2      | Gained mutation: You are partially covered in sharp spines.
                  | [demonic ancestry]
   807 | D:2      | Reached XP level 3. HP: 15/29 MP: 3/3
  1136 | D:2      | You fall into a shaft and drop 1 floor!
  1470 | D:3      | Reached XP level 4. HP: 35/38 MP: 4/4
  2347 | D:4      | Reached skill level 5 in Fighting
  2529 | D:4      | Gained mutation: You have a pair of horns on your head.
                  | [demonic ancestry]
  2529 | D:4      | Reached XP level 5. HP: 44/44 MP: 5/5
  2658 | D:4      | Found Dabb's Assorted Antiques.
  3172 | D:4      | Bought an amethyst potion for 25 gold pieces
  3172 | D:4      | Bought an amethyst potion for 25 gold pieces
  3172 | D:4      | Bought a scroll labelled GUM CA HALUPH for 28 gold pieces
  3172 | D:4      | Bought a green potion for 25 gold pieces
  3172 | D:4      | Bought a scroll labelled MAIFAZOPNEM for 28 gold pieces
  3246 | D:5      | Entered Level 5 of the Dungeon
  3407 | D:5      | Noticed Dowan
  3407 | D:5      | Noticed Duvessa
  3496 | D:5      | Reached XP level 6. HP: 53/53 MP: 6/6
  3976 | D:5      | Found Bedudeng's Antique Armour Emporium.
  4546 | D:6      | Gained mutation: You have a pair of large horns on your
                  | head. [demonic ancestry]
  4546 | D:6      | Reached XP level 7. HP: 55/61 MP: 7/7
  4702 | D:6      | Reached skill level 1 in Maces & Flails
  4774 | D:6      | Reached skill level 3 in Polearms
  4923 | D:6      | Reached skill level 4 in Polearms
  4979 | D:6      | Noticed Blork the orc
  4991 | D:6      | Killed Blork the orc
  5095 | D:6      | Reached skill level 5 in Polearms
  5158 | D:6      | Reached XP level 8. HP: 55/68 MP: 8/8
  5261 | D:6      | Found a staircase to the Ecumenical Temple.
  5666 | Temple   | Entered the Ecumenical Temple
  5822 | Temple   | Became a worshipper of Warmaster Okawaru
  5901 | D:7      | Noticed a cyclops
  5902 | D:7      | Noticed a troll
  5911 | D:7      | Killed a cyclops
  5912 | D:7      | Reached skill level 6 in Polearms
  5918 | D:7      | Reached skill level 7 in Polearms
  5921 | D:7      | Killed a troll
  5936 | D:7      | Noticed a cyclops
  5940 | D:7      | Noticed a four-headed hydra
  5946 | D:7      | Killed a cyclops
  5946 | D:7      | Reached * piety under Okawaru
  5947 | D:7      | Reached skill level 8 in Polearms
  5947 | D:7      | Gained mutation: You are partially covered in rugged brown
                  | scales. (AC +1, +3% HP) [demonic ancestry]
  5947 | D:7      | Reached XP level 9. HP: 61/76 MP: 9/9
  5968 | D:7      | Killed a four-headed hydra
  5968 | D:7      | Reached ** piety under Okawaru
  5969 | D:7      | Reached skill level 9 in Polearms
  6416 | D:7      | Reached skill level 10 in Polearms
  6534 | D:7      | Reached skill level 1 in Invocations
  7300 | D:8      | Reached *** piety under Okawaru
  7318 | D:8      | Noticed Maggie
  7334 | D:8      | Killed Maggie
  7402 | D:8      | Found a shimmering altar of Xom.
  7526 | D:8      | Identified the +3 scale mail "Qaetouz" {MP+9}
  7581 | D:8      | Reached skill level 11 in Polearms
  7682 | D:8      | Gained mutation: You are mostly covered in sharp spines.
                  | [demonic ancestry]
  7682 | D:8      | Reached XP level 10. HP: 63/82 MP: 12/12
  8026 | D:5      | Bought an ancient chain mail for 275 gold pieces
  8026 | D:5      | Identified the +1 chain mail "Yxze" {rC+ Str+2 Int+5} (You
                  | bought it in a shop on level 5 of the Dungeon)
  8192 | D:9      | Reached **** piety under Okawaru
  8595 | D:9      | Reached skill level 14 in Polearms
  8595 | D:9      | Reached XP level 11. HP: 88/88 MP: 13/13
  8616 | D:9      | Found a flagged portal.
  8624 | Bailey   | Entered a bailey
  9239 | Bailey   | Reached skill level 5 in Invocations
  9819 | D:9      | Noticed Erolcha
  9840 | D:10     | Entered Level 10 of the Dungeon
  9909 | D:10     | Noticed a four-headed hydra
  9927 | D:10     | Killed a four-headed hydra
 10230 | D:10     | Found a runed translucent gate.
 10230 | D:10     | Found an opulent altar of Gozag.
 10232 | D:10     | Found a runed translucent gate.
 10232 | D:10     | Found a runed translucent gate.
 10317 | D:10     | Found Irubint's Assorted Antiques.
 10317 | D:10     | Noticed a skeletal warrior
 10318 | D:10     | Noticed cheesebisquit's ghost (novice GrEE)
 10394 | D:10     | Found a sacrificial altar of Ru.
 10846 | D:10     | Found a bloodstained altar of Trog.
 11238 | D:11     | Noticed Snorg
 11254 | D:11     | Killed Snorg
 11255 | D:11     | Reached skill level 5 in Armour
 11484 | D:11     | Noticed a two-headed ogre
 11505 | D:11     | Killed a two-headed ogre
 11505 | D:11     | Reached ***** piety under Okawaru
 12143 | D:11     | Reached XP level 12. HP: 84/97 MP: 18/18
 12461 | D:11     | Reached skill level 10 in Invocations
 12627 | D:11     | Found Maataro's Neck Hole.
 12630 | D:11     | Bought a scarf of invisibility for 168 gold pieces
 13286 | D:12     | Found a staircase to the Orcish Mines.
 13452 | D:12     | Found Hosoqaes's Antique Armour Shoppe.
 13472 | D:12     | Noticed a two-headed ogre
 13503 | D:12     | Killed a two-headed ogre
 13574 | D:12     | Noticed a four-headed hydra
 13583 | D:12     | Killed a four-headed hydra
 13584 | D:12     | Reached skill level 1 in Evocations
 14293 | D:12     | Noticed a two-headed ogre
 14302 | D:12     | Killed a two-headed ogre
 14687 | D:13     | Noticed a centaur warrior
 14687 | D:13     | Noticed a vault guard
 14705 | D:13     | Killed a centaur warrior
 14706 | D:13     | Reached skill level 5 in Evocations
 14716 | D:13     | Killed a vault guard
 14716 | D:13     | Reached ****** piety under Okawaru
 14992 | D:13     | Found a gate to the Vaults.
 14997 | D:13     | Noticed a vault guard
 15019 | D:13     | Killed a vault guard
 15020 | D:13     | Reached skill level 15 in Polearms
 15074 | D:13     | Noticed a vault guard
 15151 | D:13     | Noticed a vault guard
 15152 | D:13     | Noticed a vault guard
 15167 | D:12     | Killed a vault guard
 15337 | D:13     | Noticed a centaur warrior
 15373 | D:12     | Killed a vault guard
 15781 | D:13     | Killed a centaur warrior
 15962 | D:13     | Noticed a vault guard
 15989 | D:13     | Killed a vault guard
 15989 | D:13     | Identified the +0 robe of the Ecumenical Temple {-Tele
                  | Int+7} (Okawaru gifted it to you on level 13 of the
                  | Dungeon)
 15989 | D:13     | Received a gift from Okawaru
 16131 | D:13     | Noticed a vault guard
 16158 | D:13     | Killed a vault guard
 16159 | D:13     | Gained mutation: Spells you cast may paralyse adjacent
                  | enemies. [demonic ancestry]
 16159 | D:13     | Reached XP level 13. HP: 42/104 MP: 22/22
 16847 | D:13     | Reached skill level 16 in Polearms
 17129 | D:13     | Reached skill level 10 in Fighting
 19540 | D:13     | Identified the +1 pair of gloves "Weunaeji" {rC+ rCorr
                  | MP-9} (Okawaru gifted it to you on level 13 of the Dungeon)
 19540 | D:13     | Received a gift from Okawaru
 20386 | D:5      | Killed Duvessa
 20391 | D:5      | Killed Dowan
 21007 | D:14     | Slain by a skeletal warrior

Illustrated notes

Levels and vault maps discovered:
D:1:      dpeg_arrival_rooms_c, layout_basic,
          shapermc_ecumenical_altar_mp_highgroup
D:2:      layout_rooms
D:3:      layout_loops_ring, kennysheep_cluttered_room, minmay_misc_feat_cross
D:4:      layout_rooms, zin_statuary, serial_shops, nicolae_inconvenience_store
D:5:      layout_loops_ring, nicolae_tso_carved_into_rock, serial_shops, shop,
          uniq_duvessa
D:6:      nicolae_cairo_tiling_large_dashed, layout_basic,
          minmay_temple_entry_nine_rooms, uniq_blork_the_orc
D:7:      layout_loops_corners, roderic_roman_lattice, hex_tiny, kb_rosetta
D:8:      layout_rooms, mainiacjoe_overflow_catwalk, uniq_maggie
D:9:      layout_stronghold, gammafunk_temple_overflow_forgotten,
          david_lair_shrubbed, enter_bailey_2, nrook_campfire,
          eino_small_chamber_without_monster, st_stairs_2, dk_rats_in_the_wall,
          uniq_erolcha, uniq_grum
D:10:     layout_basic, nicolae_ru_the_path_less_chosen, trog_ov_bears_minmay,
          ebering_ghost_gozag
D:11:     argonaut_augean_stables, layout_cave_pods,
          nicolae_shop_sticking_my_neck_out, uniq_snorg
D:12:     layout_irregular_city, erik_orc_3, serial_shops, shop
D:13:     evilmike_diamond_2, layout_small_grid, erik_vaults_2
D:14:     layout_irregular_city, nicolae_gozag_zags_fifth_avenue
Temple:   eino_narrow_crystal_temple

Skill      XL: |  1  2  3  4  5  6  7  8  9 10 11 12 13 |
---------------+----------------------------------------+-----
Fighting       | 3 4 5 6 7 8 9 12 | 12.0
Maces & Flails | 1 |  1.4
Polearms       | 5 8 11 14 15 16 | 16.0
Invocations    | 3 8 12 | 12.0
Armour         | 5 7 |  7.4
Evocations     | 5 |  5.0
Throwing       | |  1.7
Dodging        | |  2.6

Action                   |  1- 3 |  4- 6 |  7- 9 | 10-12 | 13-15 || total
-------------------------+-------+-------+-------+-------+-------++-------
Melee: Trident           |     4 |       |       |       |       ||     4
       Dagger            |    48 |       |       |       |       ||    48
       Punch             |     2 |     1 |     2 |    14 |     8 ||    27
       Headbutt          |     5 |    17 |    23 |   142 |    77 ||   264
       Spear             |       |    63 |   116 |   610 |   274 ||  1063
 Fire: Sling             |    75 |    57 |    28 |   104 |     3 ||   267
Throw: Dart              |       |       |       |    34 |     6 ||    40
       Throwing net      |       |       |       |     2 |       ||     2
Invok: Heroism           |       |       |     1 |     9 |     5 ||    15
 Abil: Evoke Invisibilit |       |       |       |       |     3 ||     3
Evoke: Wand              |       |       |       |     2 |     3 ||     5
  Use: Scroll            |       |     8 |    13 |     5 |     6 ||    32
       Potion            |       |       |     2 |     3 |     1 ||     6
 Stab: Paralysed         |       |       |       |     2 |    14 ||    16
       Distracted        |       |       |       |     1 |       ||     1
       Sleeping          |       |       |       |     1 |       ||     1
       Invisible         |       |       |       |       |     5 ||     5
Armor: Leather armour    |    24 |       |       |       |       ||    24
       Ring mail         |     4 |     8 |       |       |       ||    12
       Scale mail        |       |    17 |    28 |   142 |    85 ||   272
Dodge: Dodged            |    69 |    46 |    51 |   251 |   129 ||   546
